 Dungeon Crawl Stone Soup version 0.28.0-45-g0d030f2227 (webtiles) character file.

Game seed: 16470066352798179401

3031 Andrea the Covert (level 9, -9/74 HPs)
             Began as a Gnoll Delver on Apr 5, 2022.
             Was a Follower of Cheibriados.
             Killed from afar by an acid dragon (25 damage)
             ... with a splash of acid
             ... on level 7 of the Dungeon.
             The game lasted 00:22:14 (9766 turns).

Andrea the Covert (Gnoll Delver)                    Turns: 9766, Time: 00:22:15

Health: -9/74      AC: 15    Str: 24    XL:     9   Next: 86%
Magic:  15/15      EV:  9    Int: 11    God:    Cheibriados [*.....]
Gold:   265        SH:  0    Dex: 16    Spells: 17/17 levels left

rFire   . . .      SeeInvis +   F - +0 long sword
rCold   . . .      Faith    .   (no shield)
rNeg    . . .      Spirit   .   d - +2 plate armour {rPois}
rPois   +          Reflect  .   l - +0 helmet
rElec   .          Harm     .   v - scarf {+Inv}
rCorr   .          Rampage  .   (no gloves)
Will    .....                   (no boots)
Stlth   ..........              K - amulet of the acrobat
HPRegen 0.22/turn               J - +6 ring of strength
MPRegen 0.14/turn               y - ring of see invisible

@: very slow
A: fangs 1, strong nose, distributed training
a: Renounce Religion, Evoke Invisibility, Bend Time


You were on level 7 of the Dungeon.
You worshipped Cheibriados.
Cheibriados was aware of your devotion.
You visited 2 branches of the dungeon, and saw 10 of its levels.

You collected 325 gold pieces.
You spent 60 gold pieces at shops.

Inventory:

Hand Weapons
 b - a +1 dagger of venom
 t - a +3 mace of holy wrath
 F - a +0 long sword (weapon)
Missiles
 A - 7 boomerangs (quivered)
 D - 4 poisoned darts
Armour
 d - a +2 plate armour of poison resistance (worn)
 l - a +0 helmet (worn)
 v - a scarf of invisibility (worn)
Magical Staves
 i - a staff of fire
 w - a staff of death
Jewellery
 m - a ring of positive energy
 y - a ring of see invisible (right hand)
 B - a ring of wizardry
 G - an amulet of faith
 J - a +6 ring of strength (left hand)
 K - an amulet of the acrobat (around neck)
Wands
 a - a wand of mindburst (4)
 g - a wand of digging (3)
 E - a wand of polymorph (1)
Scrolls
 c - 2 scrolls of fog
 e - a scroll of magic mapping
 h - a scroll of blinking {unknown}
 k - 2 scrolls of acquirement {unknown}
 n - 2 scrolls of teleportation
 p - a scroll of noise {unknown}
 r - 3 scrolls of enchant weapon
 u - a scroll of silence {unknown}
 I - a scroll of enchant armour {unknown}
Potions
 f - a potion of haste
 j - 3 potions of lignification
 o - 2 potions of resistance
 q - a potion of attraction
 s - 2 potions of mutation
 x - a potion of berserk rage {unknown}


   Skills:
 + Level 8.1 Fighting
 + Level 4.6 Short Blades
 + Level 6.6 Long Blades
 + Level 4.6 Axes
 + Level 4.6 Maces & Flails
 + Level 4.6 Polearms
 + Level 4.6 Staves
 + Level 4.6 Slings
 + Level 4.6 Bows
 + Level 4.6 Crossbows
 + Level 4.6 Throwing
 + Level 4.6 Armour
 + Level 6.6 Dodging
 + Level 10.6 Stealth
 + Level 4.6 Shields
 + Level 4.6 Unarmed Combat
 + Level 4.6 Spellcasting
 + Level 3.8 Conjurations
 + Level 3.8 Hexes
 + Level 3.8 Summonings
 + Level 3.8 Necromancy
 + Level 3.8 Translocations
 + Level 3.8 Transmutations
 + Level 3.8 Fire Magic
 + Level 3.8 Ice Magic
 + Level 3.8 Air Magic
 + Level 3.8 Earth Magic
 + Level 3.8 Poison Magic
 + Level 5.1 Invocations
 + Level 4.6 Evocations


You had 17 spell levels left.
You didn't know any spells.
Your spell library contained the following spells:

 Spells                   Type           Power      Damage    Failure   Level
 Beastly Appendage        Tmut           22%        N/A       58%         1
 Sandblast                Erth           22%        2d7       58%         1
 Passwall                 Tmut/Erth      9%         N/A       73%         2
 Sublimation of Blood     Necr           11%        N/A       73%         2
 Wereblood                Tmut           11%        N/A       73%         2
 Spider Form              Tmut/Pois      11%        N/A       91%         3
 Stone Arrow              Conj/Erth      22%        3d8       91%         3
 Alistair's Intoxication  Tmut/Pois      7%         N/A       100%        5
 Borgnjor's Vile Clutch   Necr/Erth      5%         N/A       100%        5
 Eringya's Noxious Bog    Tmut/Pois      5%         N/A       100%        6
 Summon Hydra             Summ           5%         N/A       100%        7


Dungeon Overview and Level Annotations

Branches:
Dungeon (9/15)             Temple (1/1) D:4
   Lair: D:8-11         Orc: D:9-12

Altars:
Ashenzari
Cheibriados
Dithmenos
Elyvilon
Fedhas
Gozag
Hepliaklqana
Kikubaaqudgha
Makhleb
Nemelex Xobeh
Okawaru
Qazlal
Ru
Sif Muna
Trog
Vehumet
Wu Jian
Xom
Yredelemnul
Zin
The Shining One

Shops:
D:3 :=?*


Innate Abilities, Weirdness & Mutations

You have very sharp teeth.
Your uncanny sense of smell can sniff out nearby items.
Your experience applies equally to all skills.


Message History

The acid dragon is heavily wounded.
The acid dragon bites you but does no damage.
The acid dragon claws you but does no damage.
You closely miss the acid dragon.
The acid dragon is heavily wounded.
The acid dragon bites you. The acid dragon claws you.
You hit the acid dragon but do no damage.
The acid dragon is heavily wounded.
The acid dragon closely misses you.
The acid dragon claws you but does no damage.
You hit the acid dragon but do no damage.
You bite the acid dragon, but do no damage.
The acid dragon is heavily wounded.
The acid dragon bites you! The acid dragon claws you.
The acid dragon spits acid at you. The splash of acid hits you!!
* * * LOW HITPOINT WARNING * * *
You barely miss the acid dragon.
The acid dragon is heavily wounded.
The acid dragon bites you but does no damage.
The acid dragon completely misses you.
You closely miss the acid dragon.
You bite the acid dragon, but do no damage.
The acid dragon is moderately wounded.
The acid dragon bites you.
* * * LOW HITPOINT WARNING * * *
The acid dragon barely misses you.
You barely miss the acid dragon.
The acid dragon is moderately wounded.
The acid dragon closely misses you. x2
You hit the acid dragon.
The acid dragon is heavily wounded.
The acid dragon closely misses you.
The acid dragon claws you but does no damage.
You hit the acid dragon but do no damage.
The acid dragon is heavily wounded.
You are no longer corroded.
The acid dragon spits acid at you. The splash of acid hits you!!
You die...

#. D# #...#####... ..∆..
#...#####... #. .#
#........... #. .#
#........... #. .#
##........... ∆#.
.#∆##.........##.
#.#.###..........##.
#..###D###).#........##.
#.....@...##...........
#############.......###
#########


You could see an acid dragon (catching breath).

Vanquished Creatures
  A two-headed ogre (D:7)
  Edmund (D:5)
  2 orc warriors
  2 sky beasts (D:7)
  2 black bears
  A necrophage (D:5)
  2 ogres (D:6)
  Blork the orc (D:6)
  2 water moccasin zombies
  3 bullfrogs
  3 scorpions
  9 crimson imps (D:7)
  A centaur zombie (D:6)
  2 bullfrog zombies
  A centaur skeleton (D:7)
  An orc priest (D:4)
  2 hounds
  Crazy Yiuf (D:5)
  2 bullfrog skeletons (D:5)
  A gnoll shaman (D:5)
  Ijyb (D:5)
  3 orc wizards
  Robin (D:2)
  6 gnolls
  2 adders (D:3)
  3 shadow imps
  An ufetubus (D:5)
  A worm (D:3)
  9 dart slugs
  25 orcs
  2 ball pythons
  5 endoplasms
  7 giant cockroaches
  10 hobgoblins
  7 kobolds
  3 quokkas
  2 bats (D:1)
  3 frilled lizards
  14 goblins
  5 rats
150 creatures vanquished.

Vanquished Creatures (others)
  A plant (D:4)
1 creature vanquished.

Grand Total: 151 creatures vanquished

Notes
Turn   | Place    | Note
-------+----------+-------------------------------------------
     0 | D:5      | Reached skill level 9 in Stealth
     0 | D:5      | Andrea the Gnoll Delver began the quest for the Orb.
     0 | D:5      | Reached XP level 1. HP: 23/23 MP: 1/1
    21 | D:5      | Noticed Edmund
   360 | D:1      | Reached XP level 2. HP: 29/29 MP: 2/2
  1089 | D:2      | Noticed Robin
  1107 | D:2      | Reached XP level 3. HP: 32/35 MP: 3/3
  1125 | D:2      | Killed Robin
  1126 | D:2      | Reached skill level 1 in Invocations
  1439 | D:2      | Reached skill level 1 in Short Blades
  1439 | D:2      | Reached skill level 1 in Axes
  1439 | D:2      | Reached skill level 1 in Maces & Flails
  1439 | D:2      | Reached skill level 1 in Polearms
  1439 | D:2      | Reached skill level 1 in Staves
  1439 | D:2      | Reached skill level 1 in Slings
  1439 | D:2      | Reached skill level 1 in Bows
  1439 | D:2      | Reached skill level 1 in Crossbows
  1439 | D:2      | Reached skill level 1 in Throwing
  1439 | D:2      | Reached skill level 1 in Armour
  1439 | D:2      | Reached skill level 1 in Shields
  1439 | D:2      | Reached skill level 1 in Unarmed Combat
  1439 | D:2      | Reached skill level 1 in Spellcasting
  1439 | D:2      | Reached skill level 1 in Evocations
  1531 | D:2      | Reached XP level 4. HP: 41/41 MP: 5/5
  1833 | D:3      | Noticed a black bear
  1874 | D:2      | Killed a black bear
  1875 | D:2      | Reached skill level 1 in Conjurations
  1875 | D:2      | Reached skill level 1 in Hexes
  1875 | D:2      | Reached skill level 1 in Summonings
  1875 | D:2      | Reached skill level 1 in Necromancy
  1875 | D:2      | Reached skill level 1 in Translocations
  1875 | D:2      | Reached skill level 1 in Transmutations
  1875 | D:2      | Reached skill level 1 in Fire Magic
  1875 | D:2      | Reached skill level 1 in Ice Magic
  1875 | D:2      | Reached skill level 1 in Air Magic
  1875 | D:2      | Reached skill level 1 in Earth Magic
  1875 | D:2      | Reached skill level 1 in Poison Magic
  1875 | D:2      | Reached XP level 5. HP: 6/47 MP: 5/7
  2607 | D:3      | Found Xofusiso's Magic Scroll Emporium.
  2608 | D:3      | Found Keacipri's General Store.
  2616 | D:3      | Bought a scroll of identify for 24 gold pieces
  2628 | D:3      | Bought a scroll of teleportation for 36 gold pieces
  2722 | D:3      | Found Gepn's Jewellery Emporium.
  2744 | D:3      | Reached XP level 6. HP: 31/50 MP: 8/8
  2871 | D:3      | Found a sacrificial altar of Ru.
  2877 | D:3      | Found Xufes's Book Boutique.
  2979 | D:3      | Found an ornate altar of the Wu Jian Council.
  3813 | D:3      | Reached skill level 5 in Long Blades
  3813 | D:3      | Reached skill level 5 in Dodging
  4106 | D:4      | Found an ancient bone altar of Kikubaaqudgha.
  4133 | D:4      | Found a staircase to the Ecumenical Temple.
  4219 | D:4      | Reached XP level 7. HP: 29/59 MP: 10/10
  4743 | D:5      | Killed Edmund
  4744 | D:5      | Reached skill level 10 in Stealth
  4948 | D:5      | Found a glowing silver altar of Zin.
  5144 | D:5      | Reached XP level 8. HP: 31/67 MP: 12/12
  5418 | D:5      | Noticed Ijyb
  5439 | D:5      | Killed Ijyb
  5444 | D:5      | HP: 3/67 [poisoned by an orc]
  6135 | Temple   | Entered the Ecumenical Temple
  6508 | D:5      | Found a runed translucent door.
  6598 | D:5      | Noticed Crazy Yiuf
  6798 | D:5      | Killed Crazy Yiuf
  7476 | D:6      | Found a bloodstained altar of Trog.
  7593 | D:6      | You fall into a shaft and drop 3 floors!
  7603 | D:9      | Noticed a yak
  7614 | D:9      | Noticed a hornet
  7631 | D:9      | Noticed a shadow
  7646 | D:9      | Noticed a two-headed ogre
  7668 | D:8      | HP: 2/60 [killer bee (3)]
  8096 | D:6      | Noticed Blork the orc
  8415 | D:6      | Killed Blork the orc
  8416 | D:6      | Reached XP level 9. HP: 63/72 MP: 14/14
  8546 | D:6      | Found a shimmering blue altar of Sif Muna.
  8548 | D:6      | Found a snail-covered altar of Cheibriados.
  8549 | D:6      | Found a shimmering altar of Xom.
  8551 | D:6      | Found an iron altar of Okawaru.
  8552 | D:6      | Found a hazy altar of Hepliaklqana.
  8555 | D:6      | Became a worshipper of Cheibriados the Contemplative
  8933 | D:7      | Found a white marble altar of Elyvilon.
  8933 | D:7      | Found a glowing golden altar of the Shining One.
  8934 | D:7      | Found a glowing silver altar of Zin.
  9251 | D:7      | Reached * piety under Cheibriados
  9461 | D:7      | Noticed a two-headed ogre
  9479 | D:7      | Killed a two-headed ogre
  9480 | D:7      | Reached skill level 5 in Invocations
  9766 | D:7      | Killed from afar by an acid dragon

Illustrated notes

Levels and vault maps discovered:
D:1:      dpeg_arrival_three_bigger_balls, layout_basic
D:2:      layout_rooms, minmay_diced_spiral, uniq_robin
D:3:      layout_basic, nicolae_ru_awakened_eye, mainiacjoe_overflow_24_doors,
          serial_shops, nicolae_shop_window_shopping,
          nicolae_shop_temple_entry_statues_fountains, nicolae_shop_statue_plus,
          nicolae_shop_crystal
D:4:      layout_cave_pools, nicolae_kikubaaqudgha_miasma_corner,
          minmay_temple_entry_overgrown
D:5:      layout_loops_ring, solitary_fountain, kennysheep_small_circle,
          uniq_ijyb, uniq_edmund, uniq_crazy_yiuf_cottage
D:6:      layout_basic, kennysheep_little_box, grunt_temple_overflow_open,
          uniq_blork_the_orc
D:7:      minmay_the_grid_octo_triangle [minmay_the_grid_octo_pinwheel,
          minmay_the_grid_octo_prize_star, minmay_the_grid_octo_teeth],
          layout_basic, good_gods_mini_temple, minmay_nine_imps
D:8:      layout_basic, mainiacjoe_overflow_cross_hatched,
          erik_lair_orcish_takeover, minmay_manual_mares
D:9:      layout_cave_pods, amcnicky_mini_pool_small, st_stairs_9, minivault_13,
          uniq_gastronok
Temple:   compressed_dpeg_triangle_lava_temple

Skill      XL: |  1  2  3  4  5  6  7  8  9 |
---------------+----------------------------+-----
Stealth        | 10 | 10.6
Invocations    | 1 2 3 4 5 |  5.1
Short Blades   | 1 2 3 4 |  4.6
Axes           | 1 2 3 4 |  4.6
Maces & Flails | 1 2 3 4 |  4.6
Polearms       | 1 2 3 4 |  4.6
Staves         | 1 2 3 4 |  4.6
Slings         | 1 2 3 4 |  4.6
Bows           | 1 2 3 4 |  4.6
Crossbows      | 1 2 3 4 |  4.6
Throwing       | 1 2 3 4 |  4.6
Armour         | 1 2 3 4 |  4.6
Shields        | 1 2 3 4 |  4.6
Unarmed Combat | 1 2 3 4 |  4.6
Spellcasting   | 1 2 3 4 |  4.6
Evocations     | 1 2 3 4 |  4.6
Conjurations   | 1 2 3 |  3.8
Hexes          | 1 2 3 |  3.8
Summonings     | 1 2 3 |  3.8
Necromancy     | 1 2 3 |  3.8
Translocations | 1 2 3 |  3.8
Transmutations | 1 2 3 |  3.8
Fire Magic     | 1 2 3 |  3.8
Ice Magic      | 1 2 3 |  3.8
Air Magic      | 1 2 3 |  3.8
Earth Magic    | 1 2 3 |  3.8
Poison Magic   | 1 2 3 |  3.8
Long Blades    | 5 6 |  6.6
Dodging        | 5 6 |  6.6
Fighting       | 7 8 |  8.1

Action                   |  1- 3 |  4- 6 |  7- 9 || total
-------------------------+-------+-------+-------++-------
Melee: Falchion          |    98 |   228 |   197 ||   523
       Bite              |    10 |    26 |    52 ||    88
       Punch             |     1 |     5 |     7 ||    13
       Dagger            |       |       |     5 ||     5
       Long sword        |       |       |   179 ||   179
Throw: Boomerang         |       |       |    55 ||    55
       Dart              |       |       |     6 ||     6
Invok: Bend Time         |       |       |     1 ||     1
 Abil: Evoke Invisibilit |       |       |     3 ||     3
  Use: Scroll            |     1 |     4 |     5 ||    10
       Potion            |       |       |     7 ||     7
 Stab: Sleeping          |     7 |     5 |     5 ||    17
       Distracted        |       |     1 |       ||     1
       Invisible         |       |       |     5 ||     5
Armor: Leather armour    |    23 |    20 |       ||    43
       Scale mail        |       |    66 |   178 ||   244
       Plate armour      |       |       |    19 ||    19
Dodge: Dodged            |    59 |   164 |   315 ||   538
